 Dungeon Crawl Stone Soup version 0.31.0-9-g3a7656b989 (webtiles) character file.

Game seed: 1427381206244747723

49 qw the Shooter (level 3, -6/18 HPs)
             Began as a Spriggan Hunter on Feb 2, 2024.
             Mangled by Terence
             ... wielding a +1 heavy flail
              (15 damage)
             ... on level 2 of the Dungeon.
             The game lasted 00:00:02 (588 turns).

qw the Shooter (Spriggan Hunter)                     Turns: 588, Time: 00:00:03

Health: -6/18      AC:  2    Str:  7    XL:     3   Next: 51%
Magic:  4/4        EV: 19    Int: 10    God:
Gold:   39         SH:  0    Dex: 20    Spells: 2/2 levels left

rFire   . . .        a - +0 shortbow
rCold   . . .        (shield currently unavailable)
rNeg    . . .        c - +0 robe
rPois   .            (helmet restricted)
rElec   .            (no cloak)
rCorr   .            (gloves unavailable)
SInv    +            (boots unavailable)
Will    .....        (no amulet)
Stlth   ++           (no ring)
HPRegen 0.23/turn    (no ring)
MPRegen 0.09/turn

%: no passive effects
@: very quick
A: very small, no large weapons, unfitting armour, see invisible, speed 3
a: no special abilities


You were on level 2 of the Dungeon.
You visited 1 branch of the dungeon, and saw 2 of its levels.

You collected 39 gold pieces.


Innate Abilities, Weirdness & Mutations

You are very small and have problems with some larger weapons.
You are too small for most types of armour.
You have supernaturally acute eyesight. (SInv)
You cover ground extremely quickly. (Speed+++)


   Skills:
 - Level 1.5 Fighting
 + Level 4.8 Ranged Weapons
 - Level 4.0 Dodging
 - Level 1.5 Stealth


You had 2 spell levels left.
You didn't know any spells.
Your spell library was empty.

Inventory:

Hand Weapons
 a - a +0 shortbow (weapon)
Armour
 c - a +0 robe (worn)
Scrolls
 f - 2 scrolls of teleportation
Potions
 d - 2 potions of curing

Dungeon Overview and Level Annotations

Branches:
Dungeon (2/15)

Altars:

Annotations:
D:2 Terence


Message History

A kobold comes into view. It is wielding a +0 short sword.
You shoot an arrow. The arrow hits the kobold!
You kill the kobold!
Things that are here:
a +0 short sword; 3 stones; a kobold corpse You open the door.
There is an open door here.
f - 2 scrolls of teleportation (gained 1)
Found a stone staircase leading down.
Terence the Incautious comes into view.
He is wielding a +1 heavy flail.
Terence shouts!
Terence moves out of view.
You shoot an arrow. The arrow hits Terence.
Terence is lightly wounded.
You shoot an arrow. The arrow closely misses Terence.
You shoot an arrow.
The arrow hits Terence but does no damage.
Terence is lightly wounded.
A kobold comes into view. It is wielding a +0 whip.
You shoot an arrow. The arrow hits Terence.
Terence is moderately wounded.
Terence hits you with a +1 heavy flail!
Ouch! That really hurt!
You shoot an arrow. The arrow barely misses Terence.
The arrow barely misses the kobold.
Terence closely misses you.
You shoot an arrow. The arrow closely misses Terence.
The arrow barely misses the kobold.
You shoot an arrow.
The arrow hits Terence but does no damage.
Terence is moderately wounded.
A goblin comes into view. It is wielding a +0 dagger.
Terence completely misses you.
You shoot an arrow. The arrow barely misses Terence.
The arrow barely misses the kobold.
The goblin shouts!
Terence hits you with a +1 heavy flail!
Ouch! That really hurt!
You die...
Terence says, "Rest in peace."

##### #>.. # #
#..#.#...' #
#.@@K'...#
#.##.##.#.g.#
#.....#.#...#
#############........
#............#.#.....
#..........#.#.#.....
#..........#.#.#.####
#######'####.#.#.#
#######.# #.#.#.#


You could see Terence, a goblin and a kobold.

Vanquished Creatures
  An adder (D:2)
  A ribbon worm (D:2)
  A dart slug (D:1)
  4 endoplasms
  2 goblins (D:1)
  6 hobgoblins
  3 jackals (D:1)
  3 kobolds
  2 quokkas (D:1)
  5 ball pythons
  2 rats
30 creatures vanquished.

Notes
Turn   | Place    | Note
-------+----------+-------------------------------------------
     0 | D:1      | qw the Spriggan Hunter began the quest for the Orb.
     0 | D:1      | Reached XP level 1. HP: 10/10 MP: 2/2
     0 | D:1      | 0 ||| qw: Version: 0.3-a-155-g5e7d8dd
     0 | D:1      | 0 ||| qw: Game counter: 1774
     0 | D:1      | 0 ||| qw: Melee chars always use a shield: true
     0 | D:1      | 0 ||| qw: God list: Okawaru
     0 | D:1      | 0 ||| qw: Allow faded altars: false
     0 | D:1      | 0 ||| qw: Do Orc after clearing Dungeon:15 true
     0 | D:1      | 0 ||| qw: Do second Lair branch before Depths: true
     0 | D:1      | 0 ||| qw: Lair rune preference: random
     0 | D:1      | 0 ||| qw: Goals: Normal
     0 | D:1      | 0 ||| PLANNING D:1-11
    55 | D:1      | Reached skill level 3 in Dodging
    95 | D:1      | Reached XP level 2. HP: 14/14 MP: 3/3
   386 | D:1      | Reached XP level 3. HP: 18/18 MP: 4/4
   413 | D:1      | 413 ||| READING scroll labelled ITUALO ITHROXOS.
   414 | D:1      | 414 ||| READING 2 scrolls labelled XANOLEULET.
   418 | D:1      | 418 ||| READING 3 scrolls labelled KUISCH NUTRATE.
   418 | D:1      | 418 ||| IDENTIFYING inky potion
   419 | D:1      | 419 ||| READING 2 scrolls of identify.
   419 | D:1      | 419 ||| IDENTIFYING 2 clear potions
   420 | D:1      | 420 ||| READING scroll of identify.
   420 | D:1      | 420 ||| IDENTIFYING scroll labelled ISIUS WUPOASO
   421 | D:1      | 421 ||| DROPPING scroll of butterflies.
   422 | D:1      | 422 ||| DROPPING potion of degeneration.
   423 | D:1      | 423 ||| DROPPING scroll of amnesia.
   579 | D:2      | Noticed Terence
   588 | D:2      | Mangled by Terence

Levels and vault maps discovered:
D:1:      mrwooster_arrival_statue_2, layout_rooms
D:2:      layout_basic, kennysheep_generic_room_10, uniq_sigmund, uniq_terence,
          uniq_robin

Skill      XL: |  1  2 |
---------------+-------+-----
Dodging        | 3 4 |  4.0
Fighting       | |  1.5
Ranged Weapons | |  4.8
Stealth        | |  1.5

Action                     || total
---------------------------++-------
   Fire: Shortbow          ||   102
    Use: Scroll            ||     5
 Armour: Robe              ||     7
  Dodge: Dodged            ||    33

Table legend:
 A = Non-vault XP
 B = Vault XP
 C = Vault XP percentage of total XP
 D = Non-vault monster count
 E = Vault monster count
 F = Vault count percentage of total count
                 A         B        C        D         E       F
            +---------+---------+-------+---------+---------+-------
      Total |      70 |       0 |   0.0 |      30 |       0 |   0.0
            +---------+---------+-------+---------+---------+-------
        D:1 |      43 |       0 |   0.0 |      22 |       0 |   0.0
        D:2 |      27 |       0 |   0.0 |       8 |       0 |   0.0
            +---------+---------+-------+---------+---------+-------
